 Dungeon Crawl Stone Soup version 0.22.1-1-ga44c0e5 (webtiles) character file.

78975 toffzen the Unseen (level 15, -2/120 HPs)
             Began as a Vampire Enchanter on Oct 15, 2018.
             Was the Champion of Kikubaaqudgha.
             Slain by a wolf spider (5 damage)
             ... on level 1 of the Spider Nest on Oct 17, 2018.
             The game lasted 03:03:50 (51203 turns).

toffzen the Unseen (Vampire Enchanter)             Turns: 51203, Time: 03:03:51

Health: -2/120     AC:  1    Str:  7    XL:     15   Next: 19%
Magic:  21/21      EV: 23    Int: 23    God:    Kikubaaqudgha [******]
Gold:   2066       SH:  0    Dex: 19    Spells: 6/22 levels left

rFire    . . .     SeeInvis +   a - +9 dagger (pain)
rCold    + + .     Gourm    .   (no shield)
rNeg     + + +     Faith    .   i - +2 robe {MR+}
rPois    ∞         Spirit   .   T - +0 helmet of Immorality {rPois} (curse)
rElec    .         Reflect  .   (no cloak)
rCorr    .         Harm     .   J - +2 pair of gloves {Dex+3}
MR       ++...                  o - +1 pair of boots
Stlth    +++++++++.             z - amulet of magic regeneration
HPRegen  0.00/turn              K - +3 ring of protection
MPRegen  0.42/turn              q - ring of wizardry

@: corroded, bloodless, non-regenerating
A: fangs 3, see invisible, unbreathing
a: Bat Form, Receive Corpses, Torment, Renounce Religion


You were on level 1 of the Spider Nest.
You worshipped Kikubaaqudgha.
Kikubaaqudgha was exalted by your worship.
You were bloodless.

You visited 5 branches of the dungeon, and saw 26 of its levels.

You collected 2192 gold pieces.
You spent 126 gold pieces at shops.

Inventory:

Hand Weapons
 a - a +9 dagger of pain (weapon)
 L - a +2 dagger of venom
 M - a +2 short sword of draining
 R - the +5 dagger of the Unstoppable Songs {pierce, +Inv rPois Str-5 Dex+7}
   (You found it on level 2 of the Lair of Beasts)

   It inflicts extra damage upon your enemies.
   It affects your strength (-5).
   It affects your dexterity (+7).
   It protects you from poison.
   It lets you turn invisible.
Missiles
 g - 494 stones (quivered)
 D - 5 throwing nets
Armour
 e - a +0 helmet
 i - a +2 robe of magic resistance (worn)
 o - a +1 pair of boots (worn)
 J - a +2 pair of gloves of dexterity (worn)
 T - the cursed +0 helmet of Immorality (worn) {rPois}
   (You found it on level 6 of the Lair of Beasts)

   It protects you from poison.
   It has a curse placed upon it.
Magical Staves
 H - an uncursed staff of death
 V - an uncursed staff of power
Jewellery
 m - an uncursed ring of flight
 q - a ring of wizardry (right hand)
 z - an amulet of magic regeneration (around neck)
 I - an uncursed ring of resist corrosion
 K - a +3 ring of protection (left hand)
Wands
 j - a wand of disintegration (26)
 v - a wand of flame (52)
 A - a wand of paralysis (9)
 P - a wand of acid (26)
 Q - a wand of polymorph (19)
 W - a wand of random effects (29)
Scrolls
 c - 11 scrolls of remove curse
 k - 6 scrolls of fear
 l - 4 scrolls of fog
 t - 3 scrolls of amnesia
 w - 3 scrolls of enchant armour
 x - 2 scrolls of summoning
 y - 3 scrolls of vulnerability
 C - 5 scrolls of immolation
 E - 3 scrolls of magic mapping
 G - a scroll of blinking
 N - 3 scrolls of teleportation
Potions
 b - 4 potions of heal wounds
 d - a potion of berserk rage
 f - 4 potions of flight
 h - 2 potions of invisibility
 n - a potion of ambrosia
 p - a potion of might
 r - 3 potions of curing
 s - 3 potions of mutation
 u - 2 potions of agility
 B - 2 potions of haste
 F - 2 potions of cancellation
 O - 2 potions of magic


   Skills:
 + Level 11.7 Fighting
 + Level 8.4 Short Blades
 + Level 13.3 Dodging
 + Level 18.9 Stealth
 - Level 4.2 Spellcasting
 + Level 13.4 Hexes
 + Level 11.8 Necromancy


You had 6 spell levels left.
You knew the following spells:

 Your Spells              Type           Power        Failure   Level  Hunger
a - Corona                Hex            ######.      1%          1    None
b - Ensorcelled Hibernat  Hex/Ice        #####.       1%          2    #......
c - Confuse               Hex            ######..     1%          3    ##.....
d - Tukima's Dance        Hex            ######..     1%          3    ##.....
e - Dazzling Spray        Conj/Hex       #####.       1%          3    ##.....
f - Pain                  Necr           ####         1%          1    None
g - Vampiric Draining     Necr           ######....   1%          3    ##.....

Your spell library contained the following spells:

 Spells                   Type           Power        Failure   Level  Hunger
 Animate Skeleton         Necr           N/A          1%          1    None
 Confusing Touch          Hex            ######       1%          1    None
 Sublimation of Blood     Necr           ######....   1%          2    #......
 Regeneration             Chrm/Necr      ####......   1%          3    ##.....
 Summon Guardian Golem    Hex/Summ       #####...     1%          3    ##.....
 Animate Dead             Necr           N/A          1%          4    ####...
 Dispel Undead            Necr           ######..     1%          5    ######.
 Apportation              Tloc           #.....       4%          1    None
 Beastly Appendage        Tmut           #.....       4%          1    None
 Sting                    Conj/Pois      #...         4%          1    None
 Summon Small Mammal      Summ           #...         4%          1    None
 Death Channel            Necr           ######....   4%          6    #######
 Call Imp                 Summ           #.......     6%          2    #......
 Poisonous Vapours        Pois/Air       #.....       6%          2    #......
 Sticks to Snakes         Tmut           #.......     6%          2    #......
 Metabolic Englaciation   Hex/Ice        #####.....   8%          5    ######.
 Bolt of Draining         Conj/Necr      ####......   11%         5    ######.
 Excruciating Wounds      Chrm/Necr      ####......   11%         5    ######.
 Call Canine Familiar     Summ           #.......     12%         3    ##.....
 Mephitic Cloud           Conj/Pois/Air  #.......     12%         3    ##.....
 Spider Form              Tmut/Pois      #.........   12%         3    ##.....
 Ice Form                 Ice/Tmut       #.......     38%         4    ####...
 Olgreb's Toxic Radiance  Pois           #.......     38%         4    ####...
 Summon Ice Beast         Ice/Summ       #.......     38%         4    ####...
 Summon Lightning Spire   Summ/Air       #.......     38%         4    ####...
 Simulacrum               Ice/Necr       ####......   45%         6    #######
 Blade Hands              Tmut           #.........   71%         5    ######.
 Venom Bolt               Conj/Pois      #.........   71%         5    ######.
 Bolt of Cold             Conj/Ice       #.........   99%         6    #######
 Freezing Cloud           Conj/Ice/Air   #.........   99%         6    #######
 Ozocubu's Refrigeration  Ice            #.........   99%         6    #######


Dungeon Overview and Level Annotations

Branches:
Dungeon (15/15)            Temple (1/1) D:7            Lair (6/6) D:8
 Shoals (0/4) Lair:2       Spider (2/4) Lair:3        Slime (0/5) Lair:6
    Orc (2/2) D:9             Elf (0/3) Orc:2        Depths (0/5) D:15
 Vaults: D:13-14

Altars:
Ashenzari
Cheibriados
Dithmenos
Elyvilon
Fedhas
Gozag
Hepliaklqana
Kikubaaqudgha
Makhleb
Nemelex Xobeh
Okawaru
Qazlal
Ru
Sif Muna
Trog
Uskayaw
Vehumet
Wu Jian
Xom
Yredelemnul
Zin
The Shining One
Beogh
Jiyva

Shops:
D:5 (   D:7 ?   D:11 (   D:14 (   Orc:1 ?   Orc:2 *[[(

Portals:
Trove: D:11 (show abyssal rune of Zot)

Annotations:
D:6 2 runed doors, SaintRoka's ghost, novice TeMo
D:9 exclusion: door
D:11 1 runed door, Kay's ghost, journeyman TrMo
D:14 Rupert
Spider:1 exclusion: downstairs


Innate Abilities, Weirdness & Mutations

You do not heal naturally.
You are immune to poison.
You have razor-sharp teeth.
You have supernaturally acute eyesight. (SInv)
You can survive without breathing.


Message History

The redback misses you.
The entropy weaver casts a spell.
The entropic weave corrodes you! The redback closely misses you.
The wolf spider hits you!!
* * * LOW HITPOINT WARNING * * *
The wolf spider bites you!
* * * LOW HITPOINT WARNING * * *
You climb upwards.
The entropy weaver is caught in a web!
Level annotation: exclusion: downstairs
There is a stone staircase leading down here.
Okay, then.
As you read the scroll of fear, it crumbles to dust.
You assume a fearsome visage.
The wolf spider looks frightened!
The entropy weaver looks frightened!
The redback looks frightened!
Cornered, the wolf spider turns to fight!
The entropy weaver pulls away from the web.
You see here a wolf spider corpse.
The wolf spider hits you.
You die...
Kikubaaqudgha rasps: "You have failed me!
Welcome... oblivion!"

###...#^..
###..##....#
#..........#
#...##.#....
##......#...
########...##.....
####^#.#.#.......#...
##>#s....##.#.#..#...%
#s^†#@....#...^.......
##a##.#......#......##
###......#..#...#....
##.#...#..#.......#..
#...)..^.....##.#....
###................#.
##.#)[.#.##..#..#..
##.....#...........#
##^...#.....#..##....


You could see a wolf spider.

Vanquished Creatures
  Azrael (D:14)
  The ghost of emiel the Thaumaturge, a journeyman GnSk of Cheibriados (Lair:5)
  A fire dragon (Lair:6)
  8 hydras
  Harold (D:7)
  2 catoblepae
  A centaur warrior (D:13)
  A two-headed ogre (D:12)
  Sonja (Lair:1)
  Nergalle (Lair:3)
  2 unseen horrors
  A swamp dragon (Lair:6)
  2 wolf spider zombies
  9 orc knights
  2 deep elf magi
  An iron dragon zombie (D:15)
  2 orc sorcerers (Orc:2)
  2 orb spiders (Spider:2)
  A cyclops (D:13)
  2 manticores
  3 ugly things
  5 wolf spiders
  11 elephants
  2 black mambas
  A guardian serpent (shapeshifter) (D:13)
  11 spiny frogs
  A gargoyle (D:14)
  4 rime drakes
  6 komodo dragons
  4 jumping spiders (Spider:1)
  7 demonic crawlers
  10 trolls
  A hornet (D:8)
  Grinder (D:4)
  A snapping turtle (Lair:2)
  5 dream sheep (Lair:4)
  26 blink frogs
  11 hippogriffs
  A spriggan (D:7)
  2 centaur simulacra (D:10)
  9 tarantellas
  2 vampires
  29 redbacks
  20 yaks
  2 basilisks
  Grum (D:7)
  7 fire elementals
  2 hungry ghosts
  3 steam dragons
  8 wargs
  An acid dragon (Lair:6)
  14 water moccasins
  2 hell hounds
  Duvessa (D:4)
  7 porcupines
  3 sky beasts
  A swamp drake (Lair:6)
  37 orc warriors
  15 ice beasts
  12 ogres
  A black bear (Lair:1)
  A phantom (D:14)
  6 wolves
  12 centaurs
  18 crocodiles
  2 big kobolds
  19 bullfrogs
  A gnoll sergeant (D:9)
  2 wyvern skeletons
  A wyvern zombie (D:10)
  Dowan (D:4)
  2 scorpions
  7 killer bees
  11 wights
  2 electric eels
  8 howler monkeys
  6 crimson imps
  3 centaur zombies
  2 quasits
  2 jellies
  18 orc priests
  4 hounds
  3 bullfrog skeletons
  5 iguanas
  15 orc wizards
  6 hell rats (Lair:5)
  8 worker ants
  2 hound zombies
  2 hound skeletons
  2 worker ant zombies
  A howler monkey skeleton (D:9)
  11 adders
  7 gnolls
  A shadow imp (D:11)
  4 white imps (D:10)
  3 ufetubi (D:10)
  2 oozes
  An adder zombie (D:5)
  A worm (D:6)
  A dart slug (D:3)
  3 leopard geckos
  83 orcs
  2 giant cockroaches
  9 goblins
  9 hobgoblins
  11 jackals
  22 kobolds
  6 quokkas
  5 ball pythons
  A ball python zombie (D:5)
  7 bats
  4 frilled lizards (D:2)
  A jackal skeleton (D:7)
  7 rats
  A plant (Lair:6)
706 creatures vanquished.

Vanquished Creatures (collateral kills)
  9 wights
  A worker ant (D:14)
10 creatures vanquished.

Vanquished Creatures (others)
  A cyclops (D:14)
  2 dancing weapons
  A centaur simulacrum (D:14)
  A tarantella (Spider:1)
  24 fungi
  10 plants
39 creatures vanquished.

Grand Total: 755 creatures vanquished

Notes
Turn   | Place    | Note
-------+----------+-------------------------------------------
     0 | D:1      | toffzen the Vampire Enchanter began the quest for the Orb.
     0 | D:1      | Reached XP level 1. HP: 13/13 MP: 3/3
   579 | D:1      | Reached XP level 2. HP: 16/19 MP: 5/5
   696 | D:1      | Learned a level 2 spell: Ensorcelled Hibernation
   923 | D:1      | Reached skill level 5 in Hexes
  1133 | D:1      | Reached XP level 3. HP: 24/24 MP: 6/6
  1441 | D:1      | Learned a level 3 spell: Confuse
  1474 | D:2      | Found an iron altar of Okawaru.
  1554 | D:2      | Reached skill level 5 in Stealth
  2652 | D:2      | Reached XP level 4. HP: 29/30 MP: 3/7
  2873 | D:2      | Found a snail-covered altar of Cheibriados.
  3913 | D:3      | Reached XP level 5. HP: 35/35 MP: 9/9
  4884 | D:4      | Noticed Duvessa
  4889 | D:4      | Noticed Dowan
  4904 | D:4      | Killed Dowan
  4909 | D:4      | Killed Duvessa
  4909 | D:4      | Reached skill level 1 in Fighting
  4909 | D:4      | Reached skill level 6 in Stealth
  4909 | D:4      | Reached XP level 6. HP: 20/43 MP: 3/10
  5527 | D:4      | Learned a level 3 spell: Tukima's Dance
  5583 | D:4      | Noticed Grinder
  5739 | D:4      | Killed Grinder
  5739 | D:4      | Reached XP level 7. HP: 50/50 MP: 1/12
  6127 | D:5      | Entered Level 5 of the Dungeon
  6243 | D:5      | Reached skill level 7 in Stealth
  6261 | D:5      | Found a shattered altar of Ashenzari.
  6575 | D:5      | Found Gottikhe's Weapon Shop.
  7298 | D:5      | Reached XP level 8. HP: 58/58 MP: 14/14
  7423 | D:5      | Learned a level 3 spell: Dazzling Spray
  7428 | D:5      | Found a deep blue altar of Sif Muna.
  7606 | D:5      | Found a blossoming altar of Fedhas.
  7920 | D:6      | Reached skill level 8 in Stealth
  8608 | D:6      | Found a runed door.
  8611 | D:6      | Noticed SaintRoka's ghost (novice TeMo)
  8678 | D:6      | Found a runed door.
  8690 | D:6      | Noticed a hippogriff
  8709 | D:6      | Killed a hippogriff
  8709 | D:6      | Reached skill level 5 in Short Blades
  9113 | D:7      | Reached skill level 9 in Stealth
  9438 | D:7      | Found Xeroi's Magic Scroll Shop.
  9439 | D:7      | Noticed Harold
  9653 | D:7      | Found a bloodstained altar of Trog.
  9674 | D:7      | Reached XP level 9. HP: 65/65 MP: 12/15
  9692 | D:7      | Found a radiant altar of Vehumet.
  9698 | D:7      | Found a staircase to the Ecumenical Temple.
  9786 | D:7      | Killed Harold
  9865 | D:7      | Reached skill level 10 in Stealth
  9880 | D:7      | Reached skill level 5 in Dodging
  9880 | D:7      | Reached skill level 10 in Hexes
  9901 | Temple   | Entered the Ecumenical Temple
  9991 | D:7      | Found an ancient bone altar of Kikubaaqudgha.
  9997 | D:7      | Became a worshipper of Kikubaaqudgha
 10050 | D:7      | Found an ornate altar of the Wu Jian Council.
 10349 | D:8      | Found a hide-covered altar of Uskayaw.
 10364 | D:8      | Reached skill level 5 in Fighting
 10397 | D:8      | Noticed Grum
 10850 | D:8      | Found a staircase to the Lair.
 10862 | D:7      | Found a burning altar of Makhleb.
 12000 | D:7      | Killed Grum
 12427 | D:8      | Reached skill level 11 in Stealth
 12427 | D:8      | Reached XP level 10. HP: 69/74 MP: 6/16
 13567 | D:9      | Found a bloodstained altar of Trog.
 13656 | D:9      | Found a staircase to the Orcish Mines.
 14253 | D:9      | Reached * piety under Kikubaaqudgha
 14253 | D:9      | Identified Kikubaaqudgha's Grimoire of Black Magic
                  | (Kikubaaqudgha gifted it to you on level 9 of the Dungeon)
 14253 | D:9      | Received a gift from Kikubaaqudgha
 14267 | D:9      | Learned a level 1 spell: Pain
 14622 | D:10     | Entered Level 10 of the Dungeon
 14753 | D:10     | Reached skill level 1 in Necromancy
 14935 | D:10     | Reached skill level 12 in Stealth
 15941 | D:10     | You fall through a shaft!
 15941 | D:11     | Found Moneaf's Weapon Emporium.
 15941 | D:11     | Noticed a cyan ugly thing
 15970 | D:11     | Reached ** piety under Kikubaaqudgha
 15984 | D:11     | Noticed an unseen horror
 15988 | D:11     | Noticed a manticore
 17579 | D:11     | Reached XP level 11. HP: 83/83 MP: 13/17
 18396 | D:11     | Reached skill level 13 in Stealth
 18570 | D:11     | Found a portal to a secret trove of treasure.
 18786 | D:11     | Killed an unseen horror
 18860 | D:11     | Killed a cyan ugly thing
 19032 | D:11     | Found a runed door.
 19041 | D:11     | Noticed Kay's ghost (journeyman TrMo)
 19185 | D:11     | Reached *** piety under Kikubaaqudgha
 19185 | D:11     | Identified Kikubaaqudgha's Volume of Sinister Rites
                  | (Kikubaaqudgha gifted it to you on level 11 of the Dungeon)
 19185 | D:11     | Received a gift from Kikubaaqudgha
 19406 | Lair:1   | Entered Level 1 of the Lair of Beasts
 19420 | D:8      | Reached skill level 5 in Necromancy
 19570 | Lair:1   | Noticed Sonja
 19598 | Lair:1   | Killed Sonja
 19953 | Lair:1   | Noticed a six-headed hydra
 19991 | Lair:1   | Killed a six-headed hydra
 20043 | Lair:1   | Reached skill level 14 in Stealth
 21493 | Lair:2   | Reached XP level 12. HP: 94/94 MP: 18/18
 21793 | Lair:2   | Got a smoking dagger
 21794 | Lair:2   | Identified the +5 dagger of the Unstoppable Songs {pierce,
                  | +Inv rPois Str-5 Dex+7} (You found it on level 2 of the
                  | Lair of Beasts)
 22034 | Lair:2   | Found a staircase to the Shoals.
 22117 | Lair:3   | Noticed a catoblepas
 22121 | Lair:3   | Killed a catoblepas
 22235 | Lair:3   | Reached skill level 10 in Dodging
 22322 | Lair:3   | Noticed Nergalle
 22674 | Lair:3   | Reached skill level 15 in Stealth
 22754 | Lair:3   | Killed Nergalle
 22754 | Lair:3   | Reached **** piety under Kikubaaqudgha
 23296 | Lair:3   | Noticed a four-headed hydra
 23303 | Lair:3   | Killed a four-headed hydra
 23654 | Lair:3   | Found a hole to the Spider Nest.
 24467 | Lair:4   | Noticed a five-headed hydra
 24481 | Lair:4   | Killed a five-headed hydra
 25768 | Lair:4   | Noticed a catoblepas
 25785 | Lair:4   | Killed a catoblepas
 25785 | Lair:4   | Reached skill level 16 in Stealth
 25972 | Lair:4   | Reached XP level 13. HP: 102/102 MP: 15/19
 27777 | Lair:5   | Found a runed gate.
 27777 | Lair:5   | Found a runed gate.
 27779 | Lair:5   | Found a runed gate.
 27781 | Lair:5   | Noticed emiel's ghost (journeyman GnSk)
 27824 | Lair:5   | Reached skill level 10 in Fighting
 28780 | Lair:5   | You fall through a shaft!
 28780 | Lair:6   | Entered Level 6 of the Lair of Beasts
 30650 | Lair:6   | Got a brightly glowing helmet
 30679 | Lair:5   | Identified the cursed +0 helmet of Immorality {rPois} (You
                  | found it on level 6 of the Lair of Beasts)
 30732 | Lair:6   | Reached skill level 17 in Stealth
 31338 | Lair:6   | Reached skill level 10 in Necromancy
 32141 | Lair:6   | Noticed a fire dragon
 33913 | D:12     | Reached ***** piety under Kikubaaqudgha
 34434 | D:13     | Reached XP level 14. HP: 111/111 MP: 10/20
 35980 | D:14     | Found Ethah's Antique Weapon Boutique.
 36699 | D:14     | Noticed Azrael
 38337 | D:14     | Noticed Rupert
 39733 | D:14     | Killed Azrael
 39764 | D:15     | Entered Level 15 of the Dungeon
 39905 | D:15     | Found a white marble altar of Elyvilon.
 40282 | D:15     | Found a staircase to the Depths.
 41743 | Lair:5   | Killed emiel's ghost
 41743 | Lair:5   | Reached skill level 18 in Stealth
 43437 | Lair:6   | Found a viscous altar of Jiyva.
 43437 | Lair:6   | Found a staircase to the Slime Pits.
 43709 | Orc:1    | Entered Level 1 of the Orcish Mines
 43894 | Orc:2    | Entered Level 2 of the Orcish Mines
 43975 | Orc:1    | Found Soympaw's Magic Scroll Emporium.
 44203 | Orc:1    | Bought a scroll of teleportation for 45 gold pieces
 44330 | Orc:2    | Found an iron altar of Okawaru.
 45570 | Orc:2    | Found Virooni's Weapon Shop.
 45570 | Orc:2    | Found Plog's Antique Armour Emporium.
 46090 | Orc:2    | Found a roughly hewn altar of Beogh.
 46190 | Orc:2    | Found Ukhlups's Assorted Antiques.
 46190 | Orc:2    | Found Vuifyph's Armour Shop.
 46220 | Orc:2    | Bought a scroll of teleportation for 81 gold pieces
 46370 | Orc:2    | Reached ****** piety under Kikubaaqudgha
 46375 | Orc:2    | Found a staircase to the Elven Halls.
 46804 | Orc:2    | Identified a +4 dagger of pain (a +2 dagger of protection
                  | bloodied by Kikubaaqudgha)
 46804 | Orc:2    | Received a gift from Kikubaaqudgha
 46971 | Spider:1 | Entered Level 1 of the Spider Nest
 49288 | Spider:1 | Reached XP level 15. HP: 116/119 MP: 18/21
 49361 | Spider:1 | Learned a level 3 spell: Vampiric Draining
 51198 | Spider:2 | HP: 3/120 [wolf spider (12)]
 51203 | Spider:1 | Slain by a wolf spider

Skill      XL: |  1  2  3  4  5  6  7  8  9 10 11 12 13 14 |
---------------+-------------------------------------------+-----
Hexes          | 5 6 7 8 9 10 11 13 | 13.4
Stealth        | 5 6 7 9 11 12 14 16 17 18 | 18.9
Short Blades   | 2 3 4 5 7 8 |  8.4
Fighting       | 1 2 3 4 5 6 8 9 10 11 | 11.7
Spellcasting   | 3 4 |  4.2
Dodging        | 4 5 7 9 11 12 13 | 13.3
Necromancy     | 3 6 8 10 11 | 11.8

Action                   |  1- 3 |  4- 6 |  7- 9 | 10-12 | 13-15 || total
-------------------------+-------+-------+-------+-------+-------++-------
Melee: Dagger            |   146 |   103 |   307 |   556 |   948 ||  2060
       Bite              |     5 |     7 |    34 |    62 |    83 ||   191
       Short sword       |       |       |       |    44 |       ||    44
       Unarmed           |       |       |       |       |     2 ||     2
Throw: Stone             |       |       |     1 |     9 |    24 ||    34
 Cast: Ensorcelled Hiber |    16 |    16 |    42 |   165 |   362 ||   601
       Confuse           |       |    10 |    41 |    84 |   151 ||   286
       Dazzling Spray    |       |       |     4 |     8 |    49 ||    61
       Tukima's Dance    |       |       |       |     6 |    17 ||    23
       Pain              |       |       |       |    13 |       ||    13
       Vampiric Draining |       |       |       |       |     8 ||     8
Invok: Brand Weapon With |       |       |       |       |     1 ||     1
       Receive Corpses   |       |       |       |       |     5 ||     5
 Abil: End Transformatio |       |       |       |     2 |     8 ||    10
       Bat Form          |       |       |       |     2 |     8 ||    10
Evoke: Wand              |       |     6 |     4 |    14 |     1 ||    25
  Use: Potion            |     1 |     4 |     5 |     8 |    24 ||    42
       Scroll            |       |     6 |     9 |    12 |    18 ||    45
 Stab: Sleeping          |    17 |    22 |    37 |   120 |   214 ||   410
       Distracted        |     1 |       |     2 |     3 |     2 ||     8
       Confused          |       |     6 |    24 |    44 |    78 ||   152
       Invisible         |       |       |     1 |     2 |     9 ||    12
Armor: Robe              |    35 |    17 |    52 |   106 |   135 ||   345
Dodge: Dodged            |    80 |    31 |   126 |   391 |   944 ||  1572
